ORI
UNIVERSITY OF MIAMI HURRICANES @ OREGON STATE UNIVERSITY BEAVERS
10/04/2046
 
TOP OF THE 1ST
University of Nebraska Cornhuskers batting - Pitching for Oregon State University Beavers : RHP Xavier Martin
Pitching: RHP Xavier Martin
Batting: RHB Willie Acevedo 0-0: Ball
1-0: Foul Ball, location: 2F
1-1: Ball
2-1: Ground out 5-3 (Groundball, 56, EV 107.5 MPH)
Batting: RHB Chris Lenius 0-0: Foul Ball, location: 2F
0-1: Ball
1-1: Swinging Strike
1-2: Strikes out swinging
Batting: LHB Arunansu Meenan 0-0: Ball
1-0: Called Strike
1-1: Ball
2-1: Ball
3-1: Foul Ball, location: 2F
3-2: Base on Balls
Batting: RHB Fred Rodriguez 0-0: Fielders Choice at 2nd, 5-4 (Groundball, 56, EV 88.8 MPH)
Top of the 1st over - 0 runs, 0 hits, 0 errors, 1 left on base; University of Nebraska 0 - Oregon State University 0
BOTTOM OF THE 1ST
Oregon State University Beavers batting - Pitching for University of Nebraska Cornhuskers : RHP Erik Percival
Pitching: RHP Erik Percival
Batting: RHB Gary Smith 0-0: Foul Ball, location: 2F
0-1: Fly out, F3 (Line Drive, 3, EV 70.0 MPH)
Batting: RHB Xavier Williams 0-0: Ground out 5-3 (Groundball, 56S, EV 75.6 MPH)
Batting: LHB Mike Becerra 0-0: Called Strike
0-1: Fly out, F7 (Line Drive, 7D, EV 95.6 MPH)
Bottom of the 1st over - 0 runs, 0 hits, 0 errors, 0 left on base; University of Nebraska 0 - Oregon State University 0
TOP OF THE 2ND
University of Nebraska Cornhuskers batting - Pitching for Oregon State University Beavers : RHP Xavier Martin
Batting: SHB Omar Cervantes 0-0: Called Strike
0-1: Foul Ball, location: 2F
0-2: Ball
1-2: Strikes out swinging
Batting: LHB Chris Mena 0-0: Ball
1-0: Ball
2-0: Foul Ball, location: 2F
2-1: Called Strike
2-2: Foul Ball, location: 2F
2-2: Ball
3-2: Strikes out looking
Batting: LHB Martin Koka 0-0: Called Strike
0-1: SINGLE (Groundball, 56D, EV 102.5 MPH)
Batting: LHB Pete Fischer 0-0: Foul Ball, location: 2F
0-1: Ball
1-1: Ball
2-1: Ball
3-1: Foul Ball, location: 2F
3-2: Base on Balls
Martin Koka to second
Batting: RHB Bogumil Filipowski 0-0: Called Strike
0-1: Called Strike
0-2: Foul Ball, location: 2F
0-2: Strikes out swinging
Top of the 2nd over - 0 runs, 1 hit, 0 errors, 2 left on base; University of Nebraska 0 - Oregon State University 0
BOTTOM OF THE 2ND
Oregon State University Beavers batting - Pitching for University of Nebraska Cornhuskers : RHP Erik Percival
Batting: RHB Jim Unknown 0-0: Foul Ball, location: 2F
0-1: Ball
1-1: SINGLE (Groundball, 4MD, EV 94.4 MPH)
Batting: RHB Mario Avila 0-0: Ball
1-0: Ball
2-0: Foul Ball, location: 2F
2-1: Ball
3-1: Base on Balls
Jim Unknown to second
Batting: LHB Sun-wei Kuai 0-0: Ball
1-0: Called Strike
1-1: Foul Ball, location: 2F
1-2: Foul Ball, location: 2F
1-2: Strikes out swinging
Batting: RHB Yasuyuki Moriyama 0-0: Swinging Strike
0-1: Ball
1-1: Fly out, F7 (Line Drive, 7, EV 86.9 MPH)
Batting: LHB Chad Carlson 0-0: Ground out 4-3 (Groundball, 4S, EV 73.1 MPH)
Bottom of the 2nd over - 0 runs, 1 hit, 0 errors, 2 left on base; University of Nebraska 0 - Oregon State University 0
TOP OF THE 3RD
University of Nebraska Cornhuskers batting - Pitching for Oregon State University Beavers : RHP Xavier Martin
Batting: RHB Willie Acevedo 0-0: Ball
1-0: Foul Ball, location: 2F
1-1: Ball
2-1: Swinging Strike
2-2: Fly out, F8 (Flyball, 89M, EV 84.4 MPH)
Pitching: RHP Sam Barbuto
Batting: RHB Chris Lenius 0-0: Ground out 4-3 (Groundball, 4, EV 81.9 MPH)
Batting: LHB Arunansu Meenan 0-0: Ball
1-0: Ball
2-0: Ball
3-0: Called Strike
3-1: Fly out, F7 (Flyball, 78M, EV 83.8 MPH)
Top of the 3rd over - 0 runs, 0 hits, 0 errors, 0 left on base; University of Nebraska 0 - Oregon State University 0
BOTTOM OF THE 3RD
Oregon State University Beavers batting - Pitching for University of Nebraska Cornhuskers : RHP Erik Percival
Batting: SHB Michael Woodard 0-0: Ball
1-0: Ground out 4-3 (Groundball, 4, EV 101.9 MPH)
Batting: RHB Gary Smith 0-0: Foul Ball, location: 2F
0-1: Ball
1-1: Ball
2-1: Foul Ball, location: 2F
2-2: Fly out, F7 (Flyball, 7S, EV 85.6 MPH)
Batting: RHB Xavier Williams 0-0: Ground out 6-3 (Groundball, 6, EV 105.6 MPH)
Bottom of the 3rd over - 0 runs, 0 hits, 0 errors, 0 left on base; University of Nebraska 0 - Oregon State University 0
TOP OF THE 4TH
University of Nebraska Cornhuskers batting - Pitching for Oregon State University Beavers : RHP Sam Barbuto
Batting: RHB Fred Rodriguez 0-0: Ball
1-0: SINGLE (Line Drive, 78M, EV 99.4 MPH)
Batting: SHB Omar Cervantes 0-0: Called Strike
0-1: Swinging Strike
0-2: Ball
1-2: Strikes out swinging
Batting: LHB Chris Mena 0-0: Ball
1-0: Ball
2-0: Called Strike
2-1: Ball
3-1: SINGLE (Groundball, 4MD, EV 99.4 MPH)
Fred Rodriguez to second
Batting: LHB Martin Koka 0-0: Ball
1-0: Ball
2-0: Ball
3-0: Called Strike
3-1: Swinging Strike
3-2: Strikes out swinging
Batting: LHB Pete Fischer 0-0: Called Strike
0-1: Ball
1-1: Swinging Strike
1-2: Ball
2-2: Foul Ball, location: 2F
2-2: Ball
3-2: Strikes out swinging
Top of the 4th over - 0 runs, 2 hits, 0 errors, 2 left on base; University of Nebraska 0 - Oregon State University 0
BOTTOM OF THE 4TH
Oregon State University Beavers batting - Pitching for University of Nebraska Cornhuskers : RHP Erik Percival
Batting: LHB Mike Becerra 0-0: Fly out, F9 (Flyball, 9LM, EV 88.8 MPH)
Batting: RHB Jim Unknown 0-0: Foul Ball, location: 2F
0-1: Swinging Strike
0-2: Foul Ball, location: 2F
0-2: Foul Ball, location: 2F
0-2: Ball
1-2: Strikes out looking
Batting: RHB Mario Avila 0-0: Ball
1-0: Ground out 4-3 (Groundball, 4MD, EV 81.9 MPH)
Bottom of the 4th over - 0 runs, 0 hits, 0 errors, 0 left on base; University of Nebraska 0 - Oregon State University 0
TOP OF THE 5TH
University of Nebraska Cornhuskers batting - Pitching for Oregon State University Beavers : RHP Sam Barbuto
Batting: RHB Bogumil Filipowski 0-0: Ball
1-0: Swinging Strike
1-1: Swinging Strike
1-2: SINGLE (Groundball, 34D, EV 99.4 MPH)
Batting: RHB Willie Acevedo 0-0: Called Strike
0-1: Foul Ball, location: 2F
0-2: Ball
1-2: Ball
2-2: Ball
3-2: Foul Ball, location: 2F
3-2: Fly out, F9 (Line Drive, 9, EV 106.2 MPH)
Batting: RHB Chris Lenius 0-0: Called Strike
0-1: DOUBLE (Line Drive, 89M, EV 94.4 MPH)
Bogumil Filipowski to third
Batting: LHB Arunansu Meenan 0-0: Ball
1-0: Ball
2-0: Fly out, F8 (Flyball, 8LXD, EV 103.1 MPH)
Runner from 3rd tags up, SCORES, no throw by CF
Pitching: RHP Jim Unknown
Batting: RHB Fred Rodriguez 0-0: Ball
1-0: Called Strike
1-1: Ball
2-1: Ball
3-1: Base on Balls
Batting: SHB Omar Cervantes 0-0: Foul Ball, location: 2F
0-1: Called Strike
0-2: Ball
1-2: Ball
2-2: Ball
3-2: Foul Ball, location: 2F
3-2: Fly out, F8 (Flyball, 8LD, EV 89.4 MPH)
Top of the 5th over - 1 run, 2 hits, 0 errors, 2 left on base; University of Nebraska 1 - Oregon State University 0
BOTTOM OF THE 5TH
Oregon State University Beavers batting - Pitching for University of Nebraska Cornhuskers : RHP Erik Percival
Pitching: LHP Danny Hernandez
Batting: LHB Sun-wei Kuai 0-0: Swinging Strike
0-1: Ball
1-1: Swinging Strike
1-2: Foul Ball, location: 2F
1-2: DOUBLE (Groundball, 5L, EV 97.5 MPH)
Batting: RHB Yasuyuki Moriyama 0-0: Ball
1-0: SINGLE (Groundball, 56D, EV 94.4 MPH)
Sun-wei Kuai to third
Batting: LHB Chad Carlson 0-0: Foul Ball, location: 2F
0-1: Foul Ball, location: 2F
0-2: Fielders Choice at 2nd, 2-6 (Groundball, 2R, EV 73.8 MPH)
Pinch Hitting: RHB Steve Webb 0-0: Grounds into double play, 5-4-3 (Groundball, 56, EV 79.4 MPH)
Bottom of the 5th over - 0 runs, 2 hits, 0 errors, 1 left on base; University of Nebraska 1 - Oregon State University 0
TOP OF THE 6TH
University of Nebraska Cornhuskers batting - Pitching for Oregon State University Beavers : RHP Jim Unknown
Now at 2B: Edwin Sierra
Batting: LHB Chris Mena 0-0: Ball
1-0: Ball
2-0: Ball
3-0: Base on Balls
Batting: LHB Martin Koka 0-0: SINGLE (Groundball, 34D, EV 110.0 MPH)
Chris Mena to second
Runner from 2nd tries for 3rd, SAFE, throw by RF made to third
Batting: LHB Pete Fischer 0-0: Called Strike
0-1: Swinging Strike
0-2: SINGLE (Groundball, 34D, EV 94.4 MPH)
Chris Mena scores
Martin Koka to second
Runner from 2nd tries for 3rd, SAFE, throw by RF made at trailing runner, OUT! 9-6
Batting: RHB Bogumil Filipowski 0-0: Intentional Walk
Batting: RHB Willie Acevedo 0-0: Called Strike
0-1: Foul Ball, location: 2F
0-2: Ball
1-2: Fielders Choice at 2nd, 6-4 (Groundball, 6, EV 103.8 MPH)
Martin Koka scores
Batting: RHB Chris Lenius 0-0: Ball
1-0: Ball
2-0: Ball
Willie Acevedo steals 2nd base
3-0: Called Strike
3-1: SINGLE (Groundball, 34D, EV 105.0 MPH)
Willie Acevedo to third
Runner from 3rd tries for Home, SAFE, throw by RF to home
Batting: LHB Arunansu Meenan 0-0: Foul Ball, location: 2F
0-1: Swinging Strike
0-2: Foul Ball, location: 2F
0-2: Ball
1-2: Fly out, F8 (Line Drive, 8RM, EV 105.6 MPH)
Top of the 6th over - 3 runs, 3 hits, 0 errors, 1 left on base; University of Nebraska 4 - Oregon State University 0
BOTTOM OF THE 6TH
Oregon State University Beavers batting - Pitching for University of Nebraska Cornhuskers : LHP Danny Hernandez
Batting: RHB Gary Smith 0-0: Swinging Strike
0-1: Swinging Strike
0-2: Ground out 4-3 (Groundball, 4, EV 108.1 MPH)
Batting: RHB Xavier Williams 0-0: Ground out U3 (Groundball, 34S, EV 89.4 MPH)
Batting: LHB Mike Becerra 0-0: Ground out 5-3 (Groundball, 56, EV 86.9 MPH)
Bottom of the 6th over - 0 runs, 0 hits, 0 errors, 0 left on base; University of Nebraska 4 - Oregon State University 0
TOP OF THE 7TH
University of Nebraska Cornhuskers batting - Pitching for Oregon State University Beavers : RHP Jim Unknown
Batting: RHB Fred Rodriguez 0-0: SINGLE (Line Drive, 8RS, EV 109.4 MPH)
Batting: SHB Omar Cervantes 0-0: Ball
1-0: Ball
2-0: Ball
3-0: Called Strike
3-1: Base on Balls
Fred Rodriguez to second
Batting: LHB Chris Mena 0-0: Swinging Strike
0-1: Called Strike
0-2: Ball
1-2: Foul Ball, location: 2F
1-2: Fielders Choice at 2nd, 4-6 (Groundball, 4, EV 81.2 MPH)
Fred Rodriguez to third
Batting: LHB Martin Koka 0-0: Foul Ball, location: 2F
0-1: Ball
1-1: Called Strike
1-2: Ball
2-2: Ball
3-2: Base on Balls
Chris Mena to second
Batting: LHB Pete Fischer 0-0: Ball
1-0: Called Strike
1-1: Foul Ball, location: 2F
1-2: Ground out 6-3 (Groundball, P, EV 78.1 MPH)
Fred Rodriguez scores
Chris Mena to third
Martin Koka to second
Batting: RHB Bogumil Filipowski 0-0: Foul Ball, location: 2F
0-1: Called Strike
0-2: SINGLE (Groundball, 34D, EV 95.6 MPH)
Chris Mena scores
Martin Koka to third
Runner from 3rd tries for Home, SAFE, throw by RF to home
Pitching: RHP Jim Unknown
Batting: RHB Willie Acevedo 0-0: Ball
1-0: Ball
2-0: Ball
3-0: Called Strike
3-1: Swinging Strike
3-2: Base on Balls
Bogumil Filipowski to second
Batting: RHB Chris Lenius 0-0: Called Strike
0-1: Ball
1-1: Foul Ball, location: 2F
1-2: Ball
2-2: SINGLE (Flyball, 8RS, EV 84.4 MPH)
Bogumil Filipowski to third
Willie Acevedo to second
Batting: LHB Arunansu Meenan 0-0: GRAND SLAM HOME RUN (Flyball, 7LD, EV 97.5 MPH), Distance : 360 ft
Batting: RHB Fred Rodriguez 0-0: Foul Ball, location: 2F
0-1: Ground out 5-3 (Groundball, 56, EV 96.9 MPH)
Top of the 7th over - 7 runs, 4 hits, 0 errors, 0 left on base; University of Nebraska 11 - Oregon State University 0
BOTTOM OF THE 7TH
Oregon State University Beavers batting - Pitching for University of Nebraska Cornhuskers : LHP Danny Hernandez
Batting: RHB Jim Unknown 0-0: Swinging Strike
0-1: Ball
1-1: Called Strike
1-2: SINGLE (Groundball, 4MD, EV 95.0 MPH)
Batting: RHB Mario Avila 0-0: Ball
1-0: Ball
2-0: SINGLE (Groundball, 23, EV 70.0 MPH) (infield hit)
Jim Unknown to second
Batting: LHB Sun-wei Kuai 0-0: SINGLE (Groundball, 34D, EV 106.9 MPH)
Jim Unknown to third
Mario Avila to second
Batting: RHB Yasuyuki Moriyama 0-0: Called Strike
0-1: Ball
1-1: Ball
2-1: DOUBLE (Line Drive, 5D, EV 102.5 MPH)
Jim Unknown scores
Mario Avila scores
Sun-wei Kuai to third
Runner from 3rd tries for Home, SAFE, no throw by LF
Pinch Hitting: LHB Emmett Hamilton 0-0: Ball
1-0: Called Strike
1-1: Ball
2-1: Ball
3-1: Called Strike
3-2: Fly out, F8 (Flyball, 8RXD, EV 96.9 MPH)
Runner from 2nd tags up, SAFE at 3rd, no throw by CF
Batting: RHB Edwin Sierra 0-0: SINGLE (Flyball, 78S, EV 89.4 MPH)
Yasuyuki Moriyama scores
Batting: RHB Gary Smith 0-0: Swinging Strike
0-1: Reached on error, E5 (Groundball, 5, EV 96.9 MPH)
Edwin Sierra to second
Batting: RHB Xavier Williams 0-0: Ball
1-0: Called Strike
1-1: Fly out, F9 (Line Drive, 9, EV 88.1 MPH)
Pitching: RHP Tony Machado
Batting: LHB Mike Becerra 0-0: Called Strike
0-1: Ball
1-1: Ball
Wild Pitch!
Edwin Sierra to third
Gary Smith to second
2-1: Swinging Strike
2-2: Foul Ball, location: 2F
2-2: Ball
3-2: Fly out, F9 (Flyball, 9S, EV 95.6 MPH)
Bottom of the 7th over - 4 runs, 5 hits, 1 error, 2 left on base; University of Nebraska 11 - Oregon State University 4
TOP OF THE 8TH
University of Nebraska Cornhuskers batting - Pitching for Oregon State University Beavers : RHP Jim Unknown
Now in CF: Chiang-hui Hsi
Batting: SHB Omar Cervantes 0-0: SINGLE (Groundball, 56D, EV 102.5 MPH)
Batting: LHB Chris Mena 0-0: Ball
1-0: Called Strike
1-1: Called Strike
1-2: SINGLE (Groundball, 34D, EV 99.4 MPH)
Omar Cervantes to second
Batting: LHB Martin Koka 0-0: Ball
1-0: Foul Ball, location: 2F
1-1: Ball
2-1: Foul Ball, location: 2F
2-2: Strikes out looking
Batting: LHB Pete Fischer 0-0: Ball
1-0: Ball
2-0: Foul Ball, location: 2F
2-1: DOUBLE (Groundball, 3L, EV 106.9 MPH)
Omar Cervantes scores
Chris Mena to third
Batting: RHB Bogumil Filipowski 0-0: Ball
1-0: Foul Ball, location: 2F
1-1: DOUBLE (Line Drive, 8LXD, EV 105.6 MPH)
Chris Mena scores
Pete Fischer scores
Pitching: RHP Jim Unknown
Batting: RHB Willie Acevedo 0-0: Ball
1-0: Ground out 4-3 (Groundball, 4, EV 81.2 MPH)
Bogumil Filipowski to third
Batting: RHB Chris Lenius 0-0: Called Strike
0-1: Called Strike
0-2: Ball
1-2: SINGLE (Groundball, 34D, EV 99.4 MPH)
Bogumil Filipowski scores
Batting: LHB Arunansu Meenan 0-0: Ball
1-0: Ball
2-0: Ball
3-0: Called Strike
3-1: Base on Balls
Chris Lenius to second
Batting: RHB Fred Rodriguez 0-0: Fly out, F5 (Line Drive, 5, EV 61.9 MPH)
Top of the 8th over - 4 runs, 5 hits, 0 errors, 2 left on base; University of Nebraska 15 - Oregon State University 4
BOTTOM OF THE 8TH
Oregon State University Beavers batting - Pitching for University of Nebraska Cornhuskers : RHP Tony Machado
Batting: RHB Jim Unknown 0-0: Ball
1-0: Ball
2-0: SINGLE (Groundball, 4MD, EV 101.2 MPH)
Batting: RHB Mario Avila 0-0: Ball
1-0: Ball
2-0: Ball
3-0: Called Strike
3-1: Foul Ball, location: 2F
3-2: Foul Ball, location: 2F
3-2: Foul Ball, location: 2F
3-2: Foul Ball, location: 2F
3-2: Foul Ball, location: 2F
3-2: Strikes out swinging
Batting: LHB Sun-wei Kuai 0-0: Swinging Strike
0-1: Foul Ball, location: 2F
0-2: Ball
1-2: Grounds into double play, 6-4-3 (Groundball, 6, EV 96.9 MPH)
Bottom of the 8th over - 0 runs, 1 hit, 0 errors, 0 left on base; University of Nebraska 15 - Oregon State University 4
TOP OF THE 9TH
University of Nebraska Cornhuskers batting - Pitching for Oregon State University Beavers : RHP Jim Unknown
Batting: SHB Omar Cervantes 0-0: Foul Ball, location: 2F
0-1: Ball
1-1: Ball
2-1: Ball
3-1: Foul Ball, location: 2F
3-2: SINGLE (Groundball, 4MD, EV 104.4 MPH)
Batting: RHB Simon Van Steenwyk 0-0: Ball
1-0: Foul Ball, location: 2F
1-1: Foul Ball, location: 2F
1-2: Foul Ball, location: 2F
1-2: Foul Ball, location: 2F
1-2: Ball
2-2: Foul Ball, location: 2F
2-2: Foul Ball, location: 2F
2-2: Grounds into double play, 5-4-3 (Groundball, 56, EV 79.4 MPH)
Batting: LHB Martin Koka 0-0: Ball
1-0: Ball
2-0: Ball
3-0: Base on Balls
Batting: LHB Pete Fischer 0-0: Ball
Passed Ball!
Martin Koka to second
1-0: Ball
2-0: Ball
3-0: Called Strike
3-1: Base on Balls
Batting: RHB Bogumil Filipowski 0-0: Foul Ball, location: 2F
0-1: Ball
1-1: Ball
2-1: SINGLE (Groundball, 4, EV 99.4 MPH)
Martin Koka to third
Pete Fischer to second
Runner from 3rd tries for Home, SAFE, throw by CF to home
Pete Fischer to third
Bogumil Filipowski to second
Batting: RHB Willie Acevedo 0-0: Ball
1-0: TRIPLE (Flyball, 89XD, EV 89.4 MPH)
Pete Fischer scores
Bogumil Filipowski scores
Batting: RHB Chris Lenius 0-0: Called Strike
0-1: Foul Ball, location: 2F
0-2: Ball
1-2: Ball
2-2: Ball
3-2: Base on Balls
Batting: LHB Arunansu Meenan 0-0: Called Strike
0-1: 3-RUN HOME RUN (Flyball, 9LD, EV 88.8 MPH), Distance : 330 ft
Pitching: RHP Jim Unknown
Batting: RHB Fred Rodriguez 0-0: Ball
1-0: Ball
2-0: Ground out 4-3 (Groundball, 4MS, EV 61.9 MPH)
Top of the 9th over - 6 runs, 4 hits, 0 errors, 0 left on base; University of Nebraska 21 - Oregon State University 4
BOTTOM OF THE 9TH
Oregon State University Beavers batting - Pitching for University of Nebraska Cornhuskers : RHP Tony Machado
Batting: RHB Yasuyuki Moriyama 0-0: Fly out, F7 (Flyball, 7LM, EV 92.5 MPH)
Batting: RHB Chiang-hui Hsi 0-0: Ball
1-0: Ground out 4-3 (Groundball, 4, EV 93.8 MPH)
Batting: RHB Edwin Sierra 0-0: Ball
1-0: Foul Ball, location: 2F
1-1: Foul Ball, location: 2F
1-2: Ball
2-2: Ball
3-2: Base on Balls
Batting: RHB Gary Smith 0-0: Foul Ball, location: 2F
0-1: Ball
1-1: Ground out 5-3 (Groundball, 56S, EV 64.4 MPH)
Bottom of the 9th over - 0 runs, 0 hits, 0 errors, 1 left on base; University of Nebraska 21 - Oregon State University 4
Tuesday, September 13th , 2022 - OOTP Baseball 23.7 Build 88